 Dungeon Crawl Stone Soup version 0.29.0-4-gdea44cf6ec (webtiles) character file.

Game seed: 359128666679669241

1 qw the Sneak (level 1, 0/14 HPs)
             Began as a Gargoyle Delver on Sept 10, 2022.
             Slain by Dowan
             ... wielding a +0 dagger
              (2 damage)
             ... on level 4 of the Dungeon.
             The game lasted 00:00:03 (50 turns).

qw the Sneak (Gargoyle Delver)                        Turns: 50, Time: 00:00:03

Health: 0/14       AC:  5    Str: 15    XL:     1   Next: 20%
Magic:  1/1        EV: 11    Int: 10    God:
Gold:   0          SH:  0    Dex: 11    Spells: 0/0 levels left

rFire   . . .      SeeInvis .   a - +0 hand axe
rCold   . . .      Faith    .   (no shield)
rNeg    + . .      Spirit   .   b - +0 leather armour
rPois   inf        Reflect  .   (no helmet)
rElec   +          Harm     .   (no cloak)
rCorr   .          Rampage  .   (no gloves)
Will    .....                   (no boots)
Stlth   +++.......              (no amulet)
HPRegen 0.04/turn               (no ring)
MPRegen 0.07/turn               (no ring)

@: no status effects
A: sickness immunity, AC +2, negative energy resistance 1, electricity
resistance, torment resistance 1, petrification resistance
a: no special abilities


You were on level 4 of the Dungeon.
You visited 1 branch of the dungeon, and saw 2 of its levels.


Innate Abilities, Weirdness & Mutations

You are immune to sickness and miasma.
Your stone body is resilient. (AC +2)
You are immune to poison.
You resist negative energy. (rN+)
You are resistant to electric shocks. (rElec)
You are resistant to unholy torment.
You are immune to petrification.


   Skills:
 - Level 3.2 Fighting
 + Level 1.9 Axes
 - Level 1.5 Dodging
 - Level 5.4 Stealth


You couldn't memorise any spells.
You didn't know any spells.
Your spell library was empty.

Inventory:

Hand Weapons
 a - a +0 hand axe (weapon)
Armour
 b - a +0 leather armour (worn)
Wands
 g - a wand of digging (3)
Scrolls
 c - a scroll of teleportation {unknown}
Potions
 f - a potion of haste

Dungeon Overview and Level Annotations

Branches:
Dungeon (5/15)
 Temple: D:4-7

Altars:

Annotations:
D:4 Dowan, Duvessa


Message History

A howler monkey comes into view.
The howler monkey hoots and howls with incredible vigour!
You hear a shout!
You hear a bark! x2; You hear an angry growl.
You hear a shout! x2
You see here 9 gold pieces.
A howler monkey is nearby!
Dowan, Brother of Duvessa comes into view.
He is wielding a +0 dagger.
Duvessa, Sister of Dowan comes into view.
She is wielding a +0 short sword.
Dowan casts a spell.
Dowan blinks!
Duvessa shouts!
You hit the howler monkey.
The howler monkey is lightly wounded.
The howler monkey hits you.
The howler monkey hits you but does no damage.
You hit the howler monkey.
The howler monkey is moderately wounded.
The howler monkey hits you but does no damage.
You hit the howler monkey.
The howler monkey is heavily wounded.
The howler monkey hoots and howls with incredible vigour!
The howler monkey hits you.
You hear a bark!
You closely miss the howler monkey.
The howler monkey is heavily wounded.
You hit Dowan but do no damage.
Dowan says, "Magic and the sword, together, will defeat you."
Dowan completely misses you. The howler monkey hits you.
Dowan barely misses you.
You closely miss the howler monkey.
The howler monkey is heavily wounded.
You completely miss Dowan.
The howler monkey hoots and howls with incredible vigour!
Dowan hits you with a +0 dagger. The howler monkey hits you.
You hear an angry growl.
You hit the howler monkey but do no damage.
The howler monkey is heavily wounded.
You hit Dowan. The howler monkey barely misses you.
Dowan hits you with a +0 dagger.
You die...

#......# #..>...# #
####......# ..
#.........# ...
#.##......# ....
#####.##......# .....
..##.##......#
......###.##.#######...
.....eh@e.##.## ###.[
...#####$.....###... #.
#####........ +..#.....
#..#..... ...# ....
..... ... ##.###. ...
#. #.


You could see Duvessa, Dowan and a howler monkey.

Vanquished Creatures
  An endoplasm (D:4)
1 creature vanquished.

Notes
Turn   | Place    | Note
-------+----------+-------------------------------------------
     0 | D:5      | qw the Gargoyle Delver began the quest for the Orb.
     0 | D:5      | Reached XP level 1. HP: 14/14 MP: 1/1
     0 | D:5      | 0 ||| qw: Version: 0.1-a-117-gfe26ee0
     0 | D:5      | 0 ||| qw: Game counter: 9583
     0 | D:5      | 0 ||| qw: Always use a shield: true
     0 | D:5      | 0 ||| qw: God list: Okawaru
     0 | D:5      | 0 ||| qw: Allow faded altars: false
     0 | D:5      | 0 ||| qw: Do Orc after D:15 true
     0 | D:5      | 0 ||| qw: Do second Lair branch before Depths: true
     0 | D:5      | 0 ||| qw: Lair rune preference: random
     0 | D:5      | 0 ||| qw: Plans: Normal
     0 | D:5      | 0 ||| PLANNING D:1-11
     2 | D:5      | 2 ||| DROPPING scroll of fog.
     3 | D:5      | 3 ||| DROPPING scroll of magic mapping.
     4 | D:5      | 4 ||| DROPPING scroll of fear.
    39 | D:4      | Noticed a howler monkey
    43 | D:4      | Noticed Dowan
    44 | D:4      | Noticed Duvessa
    49 | D:4      | HP: 3/14 [Dowan/+0 dagger (2)]
    50 | D:4      | Slain by Dowan

Levels and vault maps discovered:
D:4:      layout_rooms, nicolae_overflow_crystal_walls,
          mainiacjoe_overflow_surrounded_room, lexackson_kobold_supper,
          uniq_grinder, uniq_duvessa, uniq_edmund
D:5:      cheibrodos_two_vegetables, layout_gridville, lemuel_crystal_altar,
          minitemple, minmay_temple_entry_drinking_statues, serial_shops,
          nicolae_shop_behind_doors

Action                   || total
-------------------------++-------
Melee: Hand axe          ||     7
Armor: Leather armour    ||     2
Dodge: Dodged            ||     3

Table legend:
 A = Non-vault XP
 B = Vault XP
 C = Vault XP percentage of total XP
 D = Non-vault monster count
 E = Vault monster count
 F = Vault count percentage of total count
                 A         B        C        D         E       F
            +---------+---------+-------+---------+---------+-------
      Total |       2 |       0 |   0.0 |       1 |       0 |   0.0
            +---------+---------+-------+---------+---------+-------
        D:4 |       2 |       0 |   0.0 |       1 |       0 |   0.0
            +---------+---------+-------+---------+---------+-------
